 Dungeon Crawl Stone Soup version 0.27.1-33-g824d729ab1 (webtiles) character file.

Game seed: 11094944004161858867

36 Grabarz the Vexing (level 3, -2/35 HPs)
             Began as an Ogre Arcane Marksman on Dec 9, 2021.
             Slain by Crazy Yiuf (14 damage)
             ... on level 2 of the Dungeon.
             The game lasted 00:13:58 (1285 turns).

Grabarz the Vexing (Ogre Arcane Marksman)           Turns: 1285, Time: 00:13:59

Health: -2/35      AC:  3    Str: 15    XL:     3   Next: 37%
Magic:  3/5        EV: 15    Int: 14    God:
Gold:   90         SH:  0    Dex:  9    Spells: 2/5 levels left

rFire    . . .     SeeInvis .   (no weapon)
rCold    . . .     Faith    .   (no shield)
rNeg     . . .     Spirit   .   a - +0 robe
rPois    .         Reflect  .   (helmet restricted)
rElec    .         Harm     .   (no cloak)
rCorr    .         Rampage  .   (gloves unavailable)
Will     .....                  (boots unavailable)
Stlth    +.........             (no amulet)
HPRegen  0.11/turn              (no ring)
MPRegen  0.09/turn              (no ring)

@: agile
A: large, unfitting armour, tough skin 1
a: no special abilities


You were on level 2 of the Dungeon.
You visited 1 branch of the dungeon, and saw 2 of its levels.

You collected 90 gold pieces.

Inventory:

Hand Weapons
 b - a +1 dagger of holy wrath
Missiles
 d - 23 arrows
 e - 71 stones
 f - 13 poisoned darts
 g - 2 large rocks (quivered)
Armour
 a - a +0 robe (worn)
Scrolls
 c - a scroll of enchant armour {unknown}
Potions
 h - 2 potions of curing {unknown}
 i - a potion of berserk rage {unknown}


   Skills:
 + Level 2.0 Fighting
 * Level 2.7 Throwing
 + Level 2.0 Dodging
 + Level 1.8 Spellcasting
 + Level 2.9 Hexes


You had 2 spell levels left.
You knew the following spells:

 Your Spells              Type           Power      Damage    Failure   Level
a - Corona                Hex            10%        N/A       8%          1
b - Slow                  Hex            9%         N/A       11%         2

Your spell library contained the following spells:

 Spells                   Type           Power      Damage    Failure   Level
 Confusing Touch          Hex            9%         N/A       22%         3
 Inner Flame              Hex/Fire       5%         N/A       36%         3
 Portal Projectile        Hex/Tloc       10%        N/A       36%         3
 Vampiric Draining        Necr           0%         2d6       58%         3
 Cause Fear               Hex            4%         N/A       58%         4


Dungeon Overview and Level Annotations

Branches:
Dungeon (2/15)

Altars:
Ashenzari

Annotations:
D:2 Crazy Yiuf


Innate Abilities, Weirdness & Mutations

You are too large for most types of armour.
You have tough skin. (AC +1)


Message History

You now have 90 gold pieces (gained 15).
i - a silvery potion
Found 29 stones.
e - 71 stones (gained 29)
Found a mace.
Found a runed translucent door.
You open the door.
Casting: Corona (safe; 8% risk of failure)
Confirm with . or Enter, or press ? or * to list all spells.
Aiming: Slow (safe; 11% risk of failure)
Press: ? - help, Shift-Dir - straight line, f - Crazy Yiuf
Aim: Crazy Yiuf, wielding a +3 quarterstaff of chaos and wearing a +0 cloak of willpower (chance to affect: 20%) Crazy Yiuf resists with almost no effort.
Crazy Yiuf hits you with a +3 quarterstaff of chaos!
Casting: Slow (safe; 11% risk of failure)
Confirm with . or Enter, or press ? or * to list all spells.
Aiming: Corona (safe; 8% risk of failure)
Press: ? - help, Shift-Dir - straight line, f/p - Crazy Yiuf
Aim: Crazy Yiuf, wielding a +3 quarterstaff of chaos and wearing a +0 cloak of willpower (chance to affect: 20%) Crazy Yiuf easily resists.
Crazy Yiuf says, "Powder!
Cards snail noodlescoop."
Crazy Yiuf hits you with a +3 quarterstaff of chaos.
You feel agile all of a sudden.
Throw: 4 large rocks
Press: ? - help, Q - select action, (/) - cycle Shift-Dir - straight line, f/p - Crazy Yiuf
Aim: Crazy Yiuf, wielding a +3 quarterstaff of chaos and wearing a +0 cloak of willpower (60% to hit)
You throw a large rock.
The large rock barely misses Crazy Yiuf.
Crazy Yiuf misses you.
Crazy Yiuf hits you with a +3 quarterstaff of chaos!
Crazy Yiuf freezes you.
* * * LOW HITPOINT WARNING * * *
Crazy Yiuf says, "Mountain pontify spinner!"
Crazy Yiuf yells, "Cake!"
Throw: 3 large rocks
Press: ? - help, Q - select action, (/) - cycle Shift-Dir - straight line, f/p - Crazy Yiuf
Aim: Crazy Yiuf, wielding a +3 quarterstaff of chaos and wearing a +0 cloak of willpower (60% to hit)
You throw a large rock. The large rock hits Crazy Yiuf!
Crazy Yiuf is heavily wounded.
Crazy Yiuf hits you with a +3 quarterstaff of chaos!
You die...

#.# #.# ###### #.# #.#
...... #.# #.# ###### #.#
#.# #.# #.#
#.####.######♣♣ ###
#.......##....♣♣ ♣♣#..)#
####...........♣♣♣♣.'..(#
#......@g....♣..♣#...#
##.._...#....♣.♣♣♣ ###
#.......###♣♣♣♣♣
#........# #.##..#####
### #....####.# ##.##
####...##.# #####...#
###.##.# #.......###
#.##.# #.###...#..


You could see Crazy Yiuf.

Vanquished Creatures
  2 dart slugs (D:1)
  An orc (D:2)
  2 endoplasms (D:1)
  2 goblins
  3 hobgoblins
  4 jackals (D:1)
  A quokka (D:1)
  3 ball pythons (D:1)
  5 bats
  2 frilled lizards
  A kobold (D:2)
  2 rats (D:1)
28 creatures vanquished.

Notes
Turn   | Place    | Note
-------+----------+-------------------------------------------
     0 | D:1      | Grabarz the Ogre Arcane Marksman began the quest for the
                  | Orb.
     0 | D:1      | Reached XP level 1. HP: 19/19 MP: 2/2
   140 | D:1      | Reached XP level 2. HP: 27/27 MP: 4/4
   535 | D:1      | Reached XP level 3. HP: 35/35 MP: 3/5
   538 | D:1      | Learned a level 2 spell: Slow
  1210 | D:2      | Found a broken altar of Ashenzari.
  1266 | D:2      | Found a runed translucent door.
  1267 | D:2      | Noticed Crazy Yiuf
  1285 | D:2      | Slain by Crazy Yiuf

Illustrated notes

Levels and vault maps discovered:
D:1:      dpeg_arrival_water_temple_mockup, layout_basic, chequers_garden,
          ebering_dispersal_statue_hall
D:2:      layout_loops_ring, basic_altar, kennysheep_generic_room_4,
          uniq_crazy_yiuf_cottage

Skill      XL: |  1  2  3 |
---------------+----------+-----
Dodging        | 2 |  2.0
Fighting       | 2 |  2.0
Throwing       | |  2.7
Spellcasting   | |  1.8
Hexes          | |  2.9

Action                   || total
-------------------------++-------
Throw: Large rock        ||    42
       Stone             ||    54
       Throwing net      ||     2
 Cast: Corona            ||    18
       Slow              ||     1
  Use: Scroll            ||     2
Armor: Robe              ||    19
Dodge: Dodged            ||    42
